PIO (24 & UNDER)
SALEM SLEDGEHAMMERS @ SASKATOON SMOKIN' GUNS
08/14/2026
 
TOP OF THE 1ST
Salem Sledgehammers batting - Pitching for Saskatoon Smokin' Guns : RHP Bernie Titus
Pitching: RHP Bernie Titus
Batting: RHB Luis Bustamante 0-0: Swinging Strike
0-1: Ball
1-1: Called Strike
1-2: Ball
2-2: Ground out 6-3 (Groundball, 6)
Batting: LHB José Rivera 0-0: Fly out, F8 (Flyball, 8LXD)
Batting: LHB Nathan Frey 0-0: Ball
1-0: Ball
2-0: Ball
3-0: Base on Balls
Batting: SHB Enrique Uribe 0-0: Called Strike
0-1: Ball
1-1: Called Strike
1-2: Foul Ball, location: 2F
1-2: Strikes out swinging
Top of the 1st over - 0 run(s), 0 hit(s), 0 error(s), 1 left on base; Salem 0 - Saskatoon 0
BOTTOM OF THE 1ST
Saskatoon Smokin' Guns batting - Pitching for Salem Sledgehammers : RHP Guillermo Martínez
Pitching: RHP Guillermo Martínez
Batting: LHB Alejandro Rojas 0-0: SINGLE (Flyball, 8RS)
Batting: RHB Rijk de Rade 0-0: Ball
Alejandro Rojas steals 2nd base
1-0: Foul Ball, location: 2F
1-1: Called Strike
Alejandro Rojas steals 3rd base
1-2: Strikes out swinging
Batting: LHB José Liñares 0-0: DOUBLE (Line Drive, 78S)
Alejandro Rojas scores
Batting: RHB Luis Ibarra 0-0: Ball
1-0: Ground out 5-3 (Groundball, 5L)
Batting: RHB Peter Bryant 0-0: Swinging Strike
0-1: Ball
1-1: Foul Ball, location: 2F
1-2: SINGLE (Line Drive, 8LM)
José Liñares to third
Runner from 3rd tries for Home, SAFE, no throw or cutoff
Batting: RHB Brendon Little 0-0: Fly out, F3 (Popup, 3F)
Bottom of the 1st over - 2 run(s), 3 hit(s), 0 error(s), 1 left on base; Salem 0 - Saskatoon 2
TOP OF THE 2ND
Salem Sledgehammers batting - Pitching for Saskatoon Smokin' Guns : RHP Bernie Titus
Batting: RHB Bobby Miller 0-0: Ball
1-0: Called Strike
1-1: Foul Ball, location: 2F
1-2: Ball
2-2: Ground out 6-3 (Groundball, 6)
Batting: RHB Marc Ploughman 0-0: Ground out 5-3 (Groundball, 56)
Batting: RHB Patrick Daniels 0-0: Swinging Strike
0-1: Swinging Strike
0-2: Ball
1-2: Foul Ball, location: 2F
1-2: Strikes out looking
Top of the 2nd over - 0 run(s), 0 hit(s), 0 error(s), 0 left on base; Salem 0 - Saskatoon 2
BOTTOM OF THE 2ND
Saskatoon Smokin' Guns batting - Pitching for Salem Sledgehammers : RHP Guillermo Martínez
Batting: RHB César Rodríguez 0-0: Called Strike
0-1: Called Strike
0-2: Ball
1-2: Ball
2-2: Ball
3-2: Strikes out swinging
Batting: LHB Bo Rush 0-0: Ball
1-0: Called Strike
1-1: Ball
2-1: Foul Ball, location: 2F
2-2: Foul Ball, location: 2F
2-2: Ball
3-2: Strikes out looking
Batting: RHB Zack Flint 0-0: Foul Ball, location: 2F
0-1: Swinging Strike
0-2: Foul Ball, location: 2F
0-2: Ball
1-2: Strikes out looking
Bottom of the 2nd over - 0 run(s), 0 hit(s), 0 error(s), 0 left on base; Salem 0 - Saskatoon 2
TOP OF THE 3RD
Salem Sledgehammers batting - Pitching for Saskatoon Smokin' Guns : RHP Guy Farinelli
Pitching: RHP Guy Farinelli
Batting: LHB Caleb Hall 0-0: Ball
1-0: Called Strike
1-1: Swinging Strike
1-2: Strikes out looking
Batting: RHB Lakota O'Reilly 0-0: Foul Ball, location: 2F
0-1: Foul Ball, location: 2F
0-2: Foul Ball, location: 2F
0-2: Ball
1-2: Foul Ball, location: 2F
1-2: Fly out, F9 (Flyball, 89M)
Batting: RHB Luis Bustamante 0-0: Swinging Strike
0-1: Swinging Strike
0-2: Foul Ball, location: 2F
0-2: Ground out 1-3 (Groundball, 13)
Top of the 3rd over - 0 run(s), 0 hit(s), 0 error(s), 0 left on base; Salem 0 - Saskatoon 2
BOTTOM OF THE 3RD
Saskatoon Smokin' Guns batting - Pitching for Salem Sledgehammers : RHP Guillermo Martínez
Batting: LHB Alejandro Rojas 0-0: Called Strike
0-1: Ball
1-1: Ball
2-1: Swinging Strike
2-2: Ground out 4-3 (Groundball, 34)
Batting: RHB Rijk de Rade 0-0: Ball
1-0: Ball
2-0: Ground out 1-3 (Groundball, 23)
Batting: LHB José Liñares 0-0: Ball
1-0: Called Strike
1-1: Ground out U3 (Groundball, 3L)
Bottom of the 3rd over - 0 run(s), 0 hit(s), 0 error(s), 0 left on base; Salem 0 - Saskatoon 2
TOP OF THE 4TH
Salem Sledgehammers batting - Pitching for Saskatoon Smokin' Guns : RHP Guy Farinelli
Batting: LHB José Rivera 0-0: Foul Ball, location: 2F
0-1: Ball
1-1: Foul Ball, location: 2F
1-2: Foul Ball, location: 2F
1-2: Strikes out swinging
Batting: LHB Nathan Frey 0-0: Ball
1-0: Foul Ball, location: 2F
1-1: Ground out U3 (Groundball, 3L)
Batting: SHB Enrique Uribe 0-0: Ball
1-0: Foul Ball, location: 2F
1-1: Ball
2-1: Ground out 6-3 (Groundball, 6)
Top of the 4th over - 0 run(s), 0 hit(s), 0 error(s), 0 left on base; Salem 0 - Saskatoon 2
BOTTOM OF THE 4TH
Saskatoon Smokin' Guns batting - Pitching for Salem Sledgehammers : RHP Guillermo Martínez
Batting: RHB Luis Ibarra 0-0: Foul Ball, location: 2F
0-1: Called Strike
0-2: Ball
1-2: Ball
2-2: Fly out, F7 (Flyball, 7D)
Batting: RHB Peter Bryant 0-0: Ball
1-0: Called Strike
1-1: Foul Ball, location: 2F
1-2: Ball
2-2: Foul Ball, location: 2F
2-2: Fly out, F9 (Flyball, 9M)
Batting: RHB Brendon Little 0-0: Called Strike
0-1: Ball
1-1: Swinging Strike
1-2: Strikes out looking
Bottom of the 4th over - 0 run(s), 0 hit(s), 0 error(s), 0 left on base; Salem 0 - Saskatoon 2
TOP OF THE 5TH
Salem Sledgehammers batting - Pitching for Saskatoon Smokin' Guns : RHP Guy Farinelli
Batting: RHB Bobby Miller 0-0: Ball
1-0: Fly out, F9 (Flyball, 9M)
Batting: RHB Marc Ploughman 0-0: Foul Ball, location: 2F
0-1: Foul Ball, location: 2F
0-2: Ball
1-2: DOUBLE (Line Drive, 7D)
Batting: RHB Patrick Daniels 0-0: DOUBLE (Line Drive, 9LM)
Marc Ploughman scores
Batting: LHB Caleb Hall 0-0: Called Strike
0-1: Called Strike
0-2: Strikes out swinging
Batting: RHB Lakota O'Reilly 0-0: Ball
1-0: Ground out 5-3 (Groundball, 5)
Top of the 5th over - 1 run(s), 2 hit(s), 0 error(s), 1 left on base; Salem 1 - Saskatoon 2
BOTTOM OF THE 5TH
Saskatoon Smokin' Guns batting - Pitching for Salem Sledgehammers : RHP Guillermo Martínez
Batting: RHB César Rodríguez 0-0: Called Strike
0-1: Ball
1-1: Ball
2-1: Ball
3-1: Foul Ball, location: 2F
3-2: Base on Balls
Batting: LHB Bo Rush 0-0: Called Strike
0-1: Ball
1-1: Foul Ball, location: 2F
1-2: Foul Ball, location: 2F
1-2: Foul Ball, location: 2F
1-2: Foul Ball, location: 2F
1-2: Strikes out swinging
Batting: RHB Zack Flint 0-0: Ball
1-0: Called Strike
1-1: Called Strike
1-2: Ball
2-2: DOUBLE (Flyball, 8LXD)
César Rodríguez to third
Runner from 3rd tries for Home, SAFE, no throw or cutoff
Batting: LHB Alejandro Rojas 0-0: Intentional Walk
Batting: RHB Rijk de Rade 0-0: Grounds into double play, U4-3 (Groundball, 4M)
Bottom of the 5th over - 1 run(s), 1 hit(s), 0 error(s), 1 left on base; Salem 1 - Saskatoon 3
TOP OF THE 6TH
Salem Sledgehammers batting - Pitching for Saskatoon Smokin' Guns : RHP Guy Farinelli
Batting: RHB Luis Bustamante 0-0: Ball
1-0: Fly out, F8 (Flyball, 8RM)
Batting: LHB José Rivera 0-0: Fly out, F9 (Flyball, 9M)
Batting: LHB Nathan Frey 0-0: Ball
1-0: Swinging Strike
1-1: Ground out 6-3 (Groundball, 6D)
Top of the 6th over - 0 run(s), 0 hit(s), 0 error(s), 0 left on base; Salem 1 - Saskatoon 3
BOTTOM OF THE 6TH
Saskatoon Smokin' Guns batting - Pitching for Salem Sledgehammers : RHP Guillermo Martínez
Batting: LHB José Liñares 0-0: Ground out 4-3 (Groundball, 4M)
Batting: RHB Luis Ibarra 0-0: Ball
1-0: Ground out 6-3 (Groundball, 6)
Batting: RHB Peter Bryant 0-0: Ball
1-0: Ball
2-0: Called Strike
2-1: Foul Ball, location: 2F
2-2: Ball
3-2: Strikes out swinging
Bottom of the 6th over - 0 run(s), 0 hit(s), 0 error(s), 0 left on base; Salem 1 - Saskatoon 3
TOP OF THE 7TH
Salem Sledgehammers batting - Pitching for Saskatoon Smokin' Guns : RHP Guy Farinelli
Pitching: LHP Ernesto Pérez
Batting: SHB Enrique Uribe 0-0: Called Strike
0-1: Foul Ball, location: 2F
0-2: Strikes out swinging
Batting: RHB Bobby Miller 0-0: Called Strike
0-1: Swinging Strike
0-2: SINGLE (Line Drive, 7S)
Batting: RHB Marc Ploughman 0-0: Ball
1-0: Called Strike
1-1: Ball
2-1: Ball
3-1: Base on Balls
Bobby Miller to second
Pinch Hitting: RHB Glenn Broadwater 0-0: Ball
1-0: Called Strike
1-1: Ball
Bobby Miller steals 3rd base
Marc Ploughman to second
2-1: Ball
3-1: Base on Balls
Batting: LHB Caleb Hall 0-0: Called Strike
0-1: Ball
1-1: Foul Ball, location: 2F
1-2: Ball
2-2: Strikes out swinging
Batting: RHB Lakota O'Reilly 0-0: Ball
1-0: Ground out 6-3 (Groundball, 56)
Top of the 7th over - 0 run(s), 1 hit(s), 0 error(s), 3 left on base; Salem 1 - Saskatoon 3
BOTTOM OF THE 7TH
Saskatoon Smokin' Guns batting - Pitching for Salem Sledgehammers : RHP Guillermo Martínez
Pitching: RHP Blake Koepke
Now in LF: Glenn Broadwater
Batting: RHB Brendon Little 0-0: Ground out 1-3 (Groundball, 13)
Batting: RHB César Rodríguez 0-0: Ground out 6-3 (Groundball, 6M)
Batting: LHB Bo Rush 0-0: Called Strike
0-1: Foul Ball, location: 2F
0-2: Foul Ball, location: 2F
0-2: Strikes out swinging
Bottom of the 7th over - 0 run(s), 0 hit(s), 0 error(s), 0 left on base; Salem 1 - Saskatoon 3
TOP OF THE 8TH
Salem Sledgehammers batting - Pitching for Saskatoon Smokin' Guns : LHP Ernesto Pérez
Batting: RHB Luis Bustamante 0-0: Called Strike
0-1: SINGLE (Flyball, 8RS)
Batting: LHB José Rivera 0-0: Foul Ball, location: 2F
0-1: Ball
1-1: Fly out, F7 (Flyball, 7D)
Batting: LHB Nathan Frey 0-0: Ball
1-0: Foul Ball, location: 2F
1-1: Grounds into double play, U4-3 (Groundball, 4)
Top of the 8th over - 0 run(s), 1 hit(s), 0 error(s), 0 left on base; Salem 1 - Saskatoon 3
BOTTOM OF THE 8TH
Saskatoon Smokin' Guns batting - Pitching for Salem Sledgehammers : RHP Blake Koepke
Batting: RHB Zack Flint 0-0: Ball
1-0: Called Strike
1-1: Ground out 1-3 (Groundball, 13S)
Batting: LHB Alejandro Rojas 0-0: Called Strike
0-1: Ball
1-1: Fly out, F5 (Line Drive, 56S)
Batting: RHB Rijk de Rade 0-0: Called Strike
0-1: Ground out 6-3 (Groundball, 56)
Bottom of the 8th over - 0 run(s), 0 hit(s), 0 error(s), 0 left on base; Salem 1 - Saskatoon 3
TOP OF THE 9TH
Salem Sledgehammers batting - Pitching for Saskatoon Smokin' Guns : LHP Ernesto Pérez
Pitching: RHP Melvin Hicks
Batting: SHB Enrique Uribe 0-0: Called Strike
0-1: Called Strike
0-2: Foul Ball, location: 2F
0-2: Ground out 4-3 (Groundball, 6M)
Batting: RHB Bobby Miller 0-0: Ball
1-0: Swinging Strike
1-1: Ball
2-1: Ball
3-1: Foul Ball, location: 2F
3-2: SINGLE (Groundball, 4MD)
Batting: RHB Marc Ploughman 0-0: Called Strike
0-1: Foul Ball, location: 2F
0-2: Ball
1-2: Ball
2-2: DOUBLE (Line Drive, 78D)
Bobby Miller to third
Batting: RHB Glenn Broadwater 0-0: Called Strike
0-1: Ball
1-1: Swinging Strike
1-2: Strikes out swinging
Batting: LHB Caleb Hall 0-0: Ball
1-0: Called Strike
1-1: Ball
2-1: Foul Ball, location: 2F
2-2: Strikes out swinging
Top of the 9th over - 0 run(s), 2 hit(s), 0 error(s), 2 left on base; Salem 1 - Saskatoon 3
Monday, December 5th, 2016 - OOTP Baseball 17.12 Build 75